Map: Saphir cosmique

Players

ShaDoWn

  • Race: Protoss Protoss
  • Spawn Location: 5:00

Zoun - Winner!

  • Race: Protoss Protoss
  • Spawn Location: 11:00

Event: DreamHack SC2 Masters 2022 Atlanta (Offline)

VOD

Have the link to the VOD?

Description

Time

  • Played on: Nov. 18, 2022, 8:49 p.m.
  • Length: 14:44

All games in this series

Show
View Real Time Build Order
Export as new Build Order

ShaDoWn Protoss 

Build Orders: Oracle Opening 

Get SALT Encoding   

  12  0:00  Probe  
  13  0:12  Probe  
  14  0:17  Pylon  
  14  0:24  Probe (Chrono Boost)  
  15  0:35  Gateway  
  15  0:37  Probe (Chrono Boost)  
  16  0:45  Probe (Chrono Boost)  
  16  0:46  Assimilator  
  17  0:51  Probe  
  17  0:54  Assimilator  
  18  1:03  Probe (Chrono Boost)  
  19  1:11  Gateway  
  19  1:13  Probe (Chrono Boost)  
  19  1:18  Probe (Chrono Boost)  
  20  1:22  Cybernetics Core  
  21  1:29  Probe  
  22  1:32  Pylon  
  22  1:41  Probe  
  23  1:53  Probe  
  24  1:59  Stargate  
  24  2:04  Adept x2  
  28  2:13  Warp Gate  
  28  2:41  Nexus, Oracle (Chrono Boost)  
  31  2:53  Pylon  
  31  3:05  Probe  
  30  3:11  Stalker  
  32  3:21  Probe  
  32  3:22  Stalker  
  32  3:23  Shield Battery  
  33  3:30  Shield Battery  
  33  3:34  Cybernetics Core  
  33  3:38  Probe  
  34  3:46  Twilight Council  
  34  3:50  Probe  
  35  3:56  Probe  
  35  4:01  Stalker x2  
  35  4:02  Probe  
  41  4:04  Shield Battery  
  41  4:08  Probe  
  42  4:14  Probe  
  41  4:26  Probe  
  41  4:29  Stalker  
  41  4:31  Stalker  
  41  4:33  Probe  
  39  4:40  Probe (Chrono Boost)  
  39  4:46  Probe (Chrono Boost)  
  39  4:52  Probe (Chrono Boost)  
  41  4:53  Blink (Chrono Boost)  
  41  4:57  Probe (Chrono Boost)  
  41  4:58  Probe (Chrono Boost)  
  42  5:06  Probe (Chrono Boost)  
  44  5:07  Stalker  
  44  5:13  Pylon  
  46  5:31  Probe x2  
  46  5:33  Stalker, Pylon  
  50  5:43  Probe x2  
  50  5:46  Stalker  
  50  5:48  Pylon  
  54  5:55  Probe x2  
  56  5:57  Nexus  
  56  6:06  Stalker  
  56  6:07  Probe x2  
  60  6:14  Stalker  
  62  6:19  Probe  
  62  6:20  Probe  
  64  6:29  Shield Battery  
  64  6:31  Probe  
  64  6:32  Probe  
  66  6:33  Stalker, Pylon  
  66  6:36  Robotics Facility  
  65  6:42  Stalker, Assimilator  
  65  6:45  Probe  
  68  6:51  Probe  
  69  6:56  Pylon  
  69  6:57  Probe  
  69  7:00  Gateway, Stalker  
  71  7:09  Stalker, Pylon  
  71  7:12  Probe  
  71  7:17  Probe  
  71  7:20  Probe  
  73  7:24  Observer (Chrono Boost), Probe  
  73  7:29  Probe  
  75  7:32  Probe  
  75  7:36  Probe  
  70  7:41  Probe  
  67  7:45  Probe  
  67  7:50  Observer, Probe (Chrono Boost)  
  68  7:55  Probe (Chrono Boost)  
  70  8:01  Probe (Chrono Boost)  
  70  8:03  Probe (Chrono Boost)  
  70  8:04  Forge  
  71  8:11  Probe x2 (Chrono Boost)  
  74  8:13  Probe (Chrono Boost)  
  76  8:21  Probe x2 (Chrono Boost)  
  76  8:22  Probe (Chrono Boost)  
  76  8:25  Charge  
  77  8:29  Sentry  
  77  8:30  Probe (Chrono Boost)  
  77  8:32  Probe (Chrono Boost)  
  77  8:33  Probe (Chrono Boost)  
  77  8:34  Stalker  
  84  8:35  Observer, Probe (Chrono Boost)  
  84  8:37  Stalker  
  87  8:41  Probe  
  87  8:42  Probe  
  86  8:56  Protoss Ground Weapons Level 1 (Chrono Boost)  
  86  8:57  Probe (Chrono Boost)  
  86  9:01  Observer, Probe (Chrono Boost)  
  88  9:04  Observer (Chrono Boost)  
  88  9:08  Nexus  
  91  9:10  Probe x2 (Chrono Boost), Pylon  
  91  9:15  Zealot x3  
  97  9:18  Probe (Chrono Boost)  
  98  9:25  Probe x2  
  98  9:30  Gateway  
  98  9:31  Gateway  
  100  9:32  Shield Battery  
  100  9:33  Probe  
  100  9:34  Gateway  
  101  9:40  Stalker x3  
  107  9:47  Observer  
  107  9:49  Probe  
  107  9:50  Probe  
  107  9:52  Pylon  
  109  9:53  Pylon  
  109  9:58  Observer  
  109  10:01  Probe x2  
  109  10:03  Probe  
  109  10:04  Gateway  
  109  10:05  Zealot x2, Gateway  
  116  10:11  Zealot  
  116  10:13  Probe x2  
  120  10:15  Observer  
  120  10:25  Zealot x4, Gateway  
  127  10:29  Zealot  
  127  10:31  Probe x2  
  127  10:34  Probe  
  132  10:38  Observer (Chrono Boost)  
  132  10:47  Zealot x3, Stalker x2  
  142  10:50  Pylon  
  142  10:51  Warp Prism (Chrono Boost)  
  142  10:54  Protoss Ground Weapons Level 2 (Chrono Boost)  
  142  10:57  Pylon  
  142  11:03  Zealot x2  
  148  11:06  Pylon  
  148  11:09  Pylon  
  148  11:11  Pylon  
  148  11:16  Probe  
  148  11:18  Probe  
  148  11:19  Stalker x5  
  148  11:23  Stalker x2  
  160  11:26  Zealot  
  162  11:36  Probe  
  161  11:42  Stalker x6  
  162  11:52  Stalker  
  162  11:53  Stalker x2  
  168  12:01  Pylon  
  168  12:03  Photon Cannon  
  168  12:05  Zealot x6  
  180  12:17  Probe  
  180  12:18  Stalker  
  180  12:20  Zealot x2  
  175  12:25  Zealot x5  
  175  12:26  Zealot  
  181  12:34  Probe  
  181  12:35  Probe  
  179  12:42  Zealot x3, Probe  
  160  12:51  Zealot x6  
  160  12:53  Probe  
  165  13:03  Stalker x2  
  163  13:12  Zealot x3  
  167  13:23  Stalker x4  
  175  13:29  Observer (Chrono Boost)  
  175  13:31  Stalker x2  
  180  13:35  Stalker x2  
  180  13:47  Stalker x4  
  182  13:49  Observer  
  170  13:55  Stalker  
  170  14:00  Stalker  
  170  14:01  Zealot x3  
  170  14:11  Zealot x4  
  174  14:20  Probe  
  174  14:21  Probe  
  141  14:27  Zealot x5  
  124  14:42  Zealot x4  
Show
View Real Time Build Order
Export as new Build Order

Zoun Protoss - Winner!

Build Orders: Oracle Opening 

Get SALT Encoding   

  12  0:00  Probe  
  13  0:12  Probe  
  14  0:17  Pylon  
  14  0:24  Probe (Chrono Boost)  
  15  0:36  Gateway, Probe (Chrono Boost)  
  16  0:44  Probe (Chrono Boost)  
  16  0:45  Assimilator  
  17  0:50  Probe  
  18  0:59  Assimilator  
  18  1:03  Probe (Chrono Boost)  
  19  1:07  Gateway  
  20  1:12  Probe (Chrono Boost)  
  20  1:17  Probe (Chrono Boost)  
  20  1:24  Cybernetics Core  
  21  1:29  Probe  
  22  1:35  Pylon  
  22  1:42  Probe  
  23  1:54  Probe  
  24  2:00  Warp Gate, Stalker x2  
  28  2:06  Probe  
  29  2:12  Pylon  
  29  2:23  Shield Battery  
  29  2:30  Stalker x2  
  33  2:42  Stargate  
  32  2:58  Probe  
  33  3:08  Shield Battery  
  33  3:16  Probe  
  34  3:20  Nexus  
  34  3:25  Oracle (Chrono Boost)  
  31  3:46  Probe (Chrono Boost)  
  32  3:58  Probe (Chrono Boost)  
  32  4:02  Stalker  
  35  4:06  Probe (Chrono Boost)  
  36  4:16  Pylon  
  36  4:23  Probe  
  37  4:35  Probe x2  
  39  4:47  Probe x2  
  39  4:50  Twilight Council  
  37  5:04  Pylon  
  37  5:05  Probe  
  38  5:11  Shield Battery  
  38  5:13  Probe  
  39  5:16  Sentry  
  39  5:18  Sentry  
  43  5:27  Dark Shrine  
  40  5:29  Probe  
  40  5:32  Probe  
  42  5:40  Phoenix (Chrono Boost)  
  44  5:45  Probe x2 (Chrono Boost)  
  44  5:49  Pylon  
  48  5:57  Probe x2 (Chrono Boost)  
  48  6:04  Probe x2 (Chrono Boost)  
  49  6:06  Stalker  
  52  6:11  Stalker  
  52  6:18  Probe x2  
  56  6:30  Probe  
  57  6:35  Probe  
  57  6:37  Assimilator  
  58  6:40  Dark Templar  
  58  6:41  Gateway x2  
  58  6:42  Dark Templar, Probe  
  63  6:48  Blink (Chrono Boost)  
  63  6:52  Pylon  
  63  6:54  Probe  
  63  6:59  Probe  
  65  7:13  Probe  
  66  7:15  Dark Templar  
  66  7:17  Probe  
  66  7:22  Stalker  
  71  7:25  Probe  
  71  7:29  Probe  
  73  7:37  Probe  
  73  7:41  Probe  
  73  7:45  Stalker x2  
  73  7:49  Probe  
  78  7:52  Stalker  
  78  7:54  Stalker  
  78  7:56  Pylon x2  
  82  8:03  Forge  
  82  8:06  Pylon  
  82  8:08  Nexus  
  82  8:10  Pylon x2  
  82  8:12  Pylon  
  80  8:25  Stalker x4  
  88  8:29  Shield Battery  
  88  8:30  Shield Battery, Probe x2  
  88  8:32  Charge (Chrono Boost)  
  90  8:36  Protoss Ground Weapons Level 1  
  90  8:42  Probe  
  90  8:44  Probe  
  92  8:54  Probe  
  93  8:57  Probe  
  93  9:02  Gateway  
  94  9:03  Gateway  
  94  9:05  Robotics Facility, Gateway x2  
  94  9:09  Zealot  
  96  9:21  Pylon  
  96  9:22  Stalker x2, Pylon  
  100  9:27  Probe x2  
  100  9:28  Probe  
  103  9:50  Dark Templar  
  105  9:56  Observer, Robotics Bay  
  105  9:58  Zealot x5  
  105  9:59  Zealot  
  118  10:02  Assimilator  
  118  10:03  Robotics Bay  
  118  10:08  Nexus  
  118  10:09  Pylon  
  118  10:21  Stalker  
  118  10:22  Stalker  
  122  10:33  Robotics Facility  
  120  10:36  Probe x2  
  120  10:41  Shield Battery  
  122  10:43  Photon Cannon  
  122  10:45  Photon Cannon  
  122  10:46  Disruptor (Chrono Boost), Photon Cannon  
  122  10:47  Photon Cannon x2  
  125  10:50  Pylon  
  125  10:51  Probe x2  
  125  10:52  Probe  
  126  11:07  Probe x3  
  126  11:10  Stalker  
  126  11:11  Stalker x2  
  135  11:12  Disruptor (Chrono Boost)  
  138  11:35  Zealot x7  
  138  11:36  Zealot  
  154  11:48  Disruptor  
  154  11:50  Photon Cannon  
  154  11:51  Photon Cannon  
  157  11:57  Protoss Ground Weapons Level 2 (Chrono Boost)  
  157  11:59  Zealot x6  
  157  12:00  Zealot x2  
  170  12:02  Gateway  
  170  12:04  Gateway  
  170  12:16  Disruptor  
  170  12:19  Zealot x3  
  170  12:20  Zealot x3  
  185  12:25  Disruptor  
  184  12:33  Zealot x2  
  188  12:46  Pylon x2  
  182  12:56  Zealot x4  
  183  12:58  Probe x2  
  183  13:00  Pylon  
  183  13:02  Photon Cannon  
  168  13:07  Disruptor x2  
  158  13:26  Zealot x10  
  167  13:42  Disruptor  
  167  13:43  Disruptor  
  167  13:46  Stalker x3  
  167  13:47  Zealot x5  
  167  13:48  Nexus  
  163  13:56  Zealot  
  163  14:00  Zealot  
  163  14:09  Dark Templar x2  
  161  14:21  Zealot x8  
  153  14:42  Zealot, Stalker x4  
  153  14:43  Zealot x5  
Tags
 
Add a new tag
Caveats
  • Supply blocks, unpowered buildings, or Contaminate may cause inaccurate times.
  • Supply counts are checked every 10 seconds.